 Dungeon Crawl Stone Soup version 0.30-a0-989-g0d87f670db (webtiles) character file.

Game seed: 8489510653356504709

209 CryoSword the Scratcher (level 5, 0/23 HPs)
             Began as a Felid Transmuter on Apr 4, 2023.
             Slain by an orc wizard
             ... wielding a +0 dagger
              (5 damage)
             ... on level 4 of the Dungeon.
             The game lasted 00:09:15 (3852 turns).

CryoSword the Scratcher (Felid Transmuter)          Turns: 3852, Time: 00:09:16

Health: 0/23       AC:  1    Str:  6    XL:     5   Next: 55%
Magic:  9/9        EV: 19    Int: 15    God:
Gold:   250        SH:  0    Dex: 18    Spells: 5/8 levels left
                                        Lives:  0   Deaths: 1

rFire   . . .      SeeInvis +      - Unarmed
rCold   . . .      Faith    .    (shield unavailable)
rNeg    . . .      Spirit   .    (body armour unavailable)
rPois   .          Reflect  .    (helmet unavailable)
rElec   .          Rampage  .    (cloak unavailable)
rCorr   .                        (gloves unavailable)
Will    .....                    (boots unavailable)
Stlth   ++                       (no amulet)
HPRegen 0.23/turn                (no ring)
MPRegen 0.11/turn                (no ring)

@: appendages (expiring), quick
A: horns 2, very small, claws 1, fangs 3, see invisible, speed 1, shaggy fur 1,
stealthy paws, no weapons or thrown items, no armour, multi-lived
a: End Transformation


You were on level 4 of the Dungeon.
You had temporarily grown beastly horns.
You visited 2 branches of the dungeon, and saw 5 of its levels.

You collected 250 gold pieces.

Inventory:

Wands
 e - a wand of quicksilver (4)
   (You found it on level 3 of the Dungeon)
Scrolls
 b - 3 scrolls of magic mapping
 f - a scroll of vulnerability {unknown}
 i - 4 scrolls of teleportation {@r4}
 j - a scroll of fear {unknown}
 k - a scroll of enchant weapon {unknown}
 l - a scroll of enchant armour {unknown}
 m - a scroll of poison {unknown}
 n - a scroll of amnesia {unknown}
Potions
 a - a potion of flight {unknown}
 c - a potion of degeneration {unknown}
 d - a potion of curing {unknown}
 g - a potion of heal wounds {@q2}
 h - a potion of attraction {unknown}


   Skills:
 + Level 2.5 Fighting
 + Level 4.2 Dodging
 + Level 2.8 Stealth
 * Level 4.5 Unarmed Combat
 - Level 2.0 Spellcasting
 + Level 2.9 Translocations
 + Level 3.4 Transmutations


You had 5 spell levels left.
You knew the following spells:

 Your Spells              Type           Power      Damage    Failure   Level
a - Beastly Appendage     Tmut           22%        N/A       5%          1
b - Wereblood             Tmut           11%        N/A       9%          2

Your spell library contained the following spells:

 Spells                   Type           Power      Damage    Failure   Level
 Spider Form              Tmut/Pois      6%         N/A       32%         3
 Ice Form                 Ice/Tmut       6%         N/A       73%         4


Dungeon Overview and Level Annotations

Branches:
Dungeon (4/15)             Temple (1/1) D:4

Altars:
Ashenzari
Fedhas
Gozag
Makhleb
Okawaru
Qazlal
Sif Muna
Vehumet
Yredelemnul
Zin
The Shining One
Lugonu


Innate Abilities, Weirdness & Mutations

You have temporarily grown beastly horns.
You have sharp claws.
You have razor-sharp teeth.
You have supernaturally acute eyesight. (SInv)
You cover ground quickly. (Speed+)
You are covered in fur. (AC +1)
Your paws help you pounce on unaware monsters.
You are incapable of wielding weapons or throwing items.
You cannot wear armour.
You gain extra lives every three experience levels.


Message History

You headbutt the hound, but do no damage.
You bite the hound. The hound bites you.
You die...
Your shape twists and changes as you die.
You are now level 4!
Your horns disappear.
You rejoin the land of the living...
There is a stone staircase leading up here.
n - a scroll labelled HOETIZOUFRICW You grow a pair of large bovine horns.
Your transformation is almost over.
Found two stone staircases leading down.
Found an escape hatch in the floor.
An orc wizard comes into view.
It is wielding a +0 dagger. 2 orc wizards come into view. 2 orcs come into view.
The orc wizard shouts!
The orc wizard gestures wildly while chanting.
The orc wizard flickers and vanishes for a moment.
The orc shouts!
Your horns disappear.
The orc wizard points at you and mumbles some strange words.
You resist with some effort.
The hound barks!
The hound closely misses you. The hound misses you.
The hound attacks as you move away! The hound bites you.
The hound attacks as you move away! The hound bites you.
The hound closely misses you. The hound attacks as you move away!
The hound barely misses you.
You see here the felid corpse of CryoSword.
You grow a pair of large bovine horns.
The hound bites you. The hound closely misses you.
You scratch the hound but do no damage. The hound closely misses you.
You scratch the hound. The hound barely misses you.
You scratch the hound but do no damage. The hound misses you.
The hound bites you.
* * * LOW HITPOINT WARNING * * *
You closely miss the hound. You headbutt the hound.
The hound pauses to sniff the ground.
The hound misses you.
You scratch the hound but do no damage. You bite the hound, but do no damage.
The hound bites you.
* * * LOW HITPOINT WARNING * * *
You barely miss the hound. The hound barely misses you.
The hound completely misses you.
You scratch the hound. The hound bites you but does no damage.
You closely miss the hound. Your headbutt misses the hound.
The hound bites you but does no damage.
You scratch the hound.
You kill the hound!
Welcome back to level 5!
Your transformation is almost over.
Your horns disappear.
i - 4 scrolls of teleportation {@r4} (gained 1)
A quokka comes into view.
You grow a pair of large bovine horns.
You scratch the quokka. Your headbutt misses the quokka.
The quokka closely misses you.
You miss the quokka. You bite the quokka, but do no damage.
The quokka closely misses you.
You closely miss the quokka. The quokka closely misses you.
You barely miss the quokka. The quokka closely misses you.
You closely miss the quokka.
You headbutt the quokka, but do no damage.
The quokka misses you.
You barely miss the quokka. Your headbutt misses the quokka.
The quokka misses you.
You barely miss the quokka. The quokka barely misses you.
You closely miss the quokka. The quokka closely misses you. x2
You scratch the quokka.
You kill the quokka!
No target in view!
You open the door.
Found a basalt altar of Yredelemnul.
There is an open door here.
You open the door.
Found a glowing golden altar of the Shining One.
Your transformation is almost over.
There is an open door here.
The angel shouts!
There is an open door here.
Your horns disappear.
The orc wizard shouts!
There are monsters nearby!
There are monsters nearby!
The orc wizard gestures at you while chanting.
You easily resist.
You grow a pair of large bovine horns.
You barely miss the orc wizard. Your bite misses the orc wizard.
The orc wizard hits you with a +0 dagger.
You scratch the orc wizard. You headbutt the orc wizard!
The orc wizard gestures at you while chanting.
The puff of flame misses you.
You scratch the orc wizard.
You headbutt the orc wizard, but do no damage.
The orc wizard misses you.
You closely miss the orc wizard. The orc wizard casts a spell at you.
You easily resist.
You closely miss the orc wizard. You headbutt the orc wizard.
You kill the orc wizard!
No target in view!
Things that are here:
a +0 dagger; a +0 robe Your transformation is almost over.
Your horns disappear.
Found an escape hatch in the ceiling.
Found a hand axe.
An orc wizard is nearby!
What are your orders? t - Meow!
Orders for allies: a - Attack new target. r - Retreat! s - Stop attacking. g - Guard the area. f - Follow me.
Anything else - Cancel.
You meow for attention!
You hear a shout! x3
You grow a pair of large bovine horns.
You scratch the orc wizard. The orc wizard closely misses you.
You barely miss the orc wizard.
You headbutt the orc wizard, but do no damage.
The orc wizard closely misses you.
You scratch the orc wizard but do no damage.
Your bite misses the orc wizard.
The orc wizard hits you with a +0 dagger.
You scratch the orc wizard.
You claw the orc wizard, but do no damage.
The orc wizard hits you with a +0 dagger.
You completely miss the orc wizard. Your headbutt misses the orc wizard.
The orc wizard misses you.
You closely miss the orc wizard.
The orc wizard hits you with a +0 dagger.
The orc shouts!
You scratch the orc wizard but do no damage.
The orc wizard hits you with a +0 dagger.
You claw the orc wizard!
You kill the orc wizard!
You closely miss the orc.
Your transformation is almost over.
The orc misses you.
You scratch the orc. The orc hits you with a +0 mace.
You scratch the orc. You bite the orc.
You kill the orc!
Items here: $ )) [ †.
You miss the orc wizard. Your headbutt misses the orc wizard.
The orc wizard gestures at you while chanting.
The magic dart hits you!
* * * LOW HITPOINT WARNING * * *
You miss the orc wizard.
The orc wizard hits you with a +0 dagger.
You die...

#........# #.........o
##........# ..........
#...<.....## ..........
#..........# #...............
#..........## #..............
#...........# ...o..........
#)..........####............
#..............#...........# #
#..............@o.......... #.
##........................##
#..
##..#######...............##...
#### #......###..##..o....
#......# # #####..>.>
######......# ##.....
#####☼.☼##......## ##......
##..##._.##.......### #.......
#...##°.°##.####....# #.......


You could see an orc wizard and an orc.

Vanquished Creatures
  A steam dragon (D:4)
  A hound (D:4)
  An iguana (D:4)
  2 orc wizards (D:4)
  2 adders
  3 dart slugs
  4 orcs (D:4)
  11 endoplasms
  4 giant cockroaches
  5 goblins
  7 hobgoblins
  3 jackals (D:4)
  3 quokkas
  7 ball pythons
  5 bats
  4 frilled lizards
  3 kobolds
  A rat (D:2)
67 creatures vanquished.

Vanquished Creatures (others)
  An orc wizard (D:4)
1 creature vanquished.

Grand Total: 68 creatures vanquished

Notes
Turn   | Place    | Note
-------+----------+-------------------------------------------
     0 | D:1      | CryoSword the Felid Transmuter began the quest for the Orb.
     0 | D:1      | Reached XP level 1. HP: 9/9 MP: 4/4
   225 | D:1      | Reached XP level 2. HP: 12/12 MP: 4/6
   499 | D:1      | Reached skill level 1 in Stealth
   970 | D:2      | Reached XP level 3. HP: 15/15 MP: 5/7
  1475 | D:2      | Learned a level 2 spell: Wereblood
  1806 | D:2      | Reached skill level 1 in Translocations
  2002 | D:3      | Found a blossoming altar of Fedhas.
  2079 | D:3      | Noticed an ogre
  2743 | D:4      | Reached XP level 4. HP: 17/19 MP: 6/8
  2876 | D:4      | Found a burning altar of Makhleb.
  2900 | D:4      | Found a staircase to the Ecumenical Temple.
  2930 | Temple   | Entered the Ecumenical Temple
  3044 | D:4      | Noticed a steam dragon
  3066 | D:4      | Killed a steam dragon
  3067 | D:4      | Reached XP level 5. HP: 16/22 MP: 9/9
  3475 | D:4      | Slain by a hound
  3476 | D:4      | Reached XP level 4. HP: 0/20 MP: 8/8
  3591 | D:4      | Reached XP level 5. HP: 9/23 MP: 9/9
  3703 | D:4      | Found a basalt altar of Yredelemnul.
  3708 | D:4      | Found a glowing golden altar of the Shining One.
  3710 | D:4      | Noticed an angel
  3852 | D:4      | Slain by an orc wizard

Illustrated notes

Levels and vault maps discovered:
D:1:      spicycebolla_arrival_transporter_tutorial, layout_basic
D:2:      layout_basic
D:3:      layout_rooms, fedhas_altar_1
D:4:      layout_cave_pods, grunt_temple_overflow_holy_war,
          nicolae_overflow_crystal_walls, minmay_temple_entry_trees
Temple:   corrupted_temple

Skill      XL: |  1  2  3  4  5 |
---------------+----------------+-----
Dodging        | 3 4 |  4.2
Stealth        | 1 2 |  2.8
Translocations | 1 2 |  2.9
Fighting       | 2 |  2.5
Unarmed Combat | 4 |  4.5
Transmutations | 3 |  3.4
Spellcasting   | |  2.0

Action                     |  1- 3 |  4- 6 || total
---------------------------+-------+-------++-------
  Melee: Unarmed           |   117 |   109 ||   226
         Headbutt          |    16 |    11 ||    27
         Bite              |     8 |     9 ||    17
         Punch             |     2 |     3 ||     5
   Cast: Beastly Appendage |    36 |    13 ||    49
    Use: Scroll            |     2 |     1 ||     3
         Potion            |       |     3 ||     3
   Stab: Sleeping          |     4 |     1 ||     5
 Armour: Skin              |     5 |    12 ||    17
  Dodge: Dodged            |    80 |    91 ||   171

Table legend: (Time is in decaauts)
 A = Elapsed time spent in this place.
 B = Non-inter-level travel time spent in this place.
 C = Inter-level travel time spent in this place.
 D = Time resting spent in this place.
 E = Time spent auto-exploring this place.
 F = Levels seen in this place.
 G = Mean time per level.
                   A        B        C        D        E       F      G
               +--------+--------+--------+--------+--------+-----+--------+
         Total |   3260 |   3039 |    221 |     70 |   1956 |   5 |  652.0 |
       Dungeon |   3201 |   2989 |    212 |     70 |   1913 |   4 |  800.2 |
        Temple |     58 |     50 |      8 |      0 |     43 |   1 |   58.0 |
               +--------+--------+--------+--------+--------+-----+--------+

Top non-repeatable levels by time:
     D:2: 962 daAuts
     D:4: 899 daAuts
     D:1: 706 daAuts
     D:3: 633 daAuts
  Temple: 58 daAuts
